 Dungeon Crawl Stone Soup version 0.23-a0-767-gdc19b93d68 (webtiles) character file.

237 MirrMurr the Sneak (level 5, -3/24 HPs)
             Began as a Spriggan Enchanter on Jan 19, 2019.
             Slain by Natasha (9 damage)
             ... on level 3 of the Dungeon.
             The game lasted 00:04:44 (2881 turns).

MirrMurr the Sneak (Spriggan Enchanter)             Turns: 2881, Time: 00:04:44

Health: -3/24      AC:  2    Str:  4    XL:     5   Next: 77%
Magic:  5/10       EV: 18    Int: 18    God:
Gold:   74         SH:  0    Dex: 16    Spells: 3/9 levels left

rFire    . . .     SeeInvis +   a - +1 dagger
rCold    . . .     Gourm    .   (shield restricted)
rNeg     . . .     Faith    .   b - +0 robe
rPois    .         Spirit   .   (helmet restricted)
rElec    .         Reflect  .   (no cloak)
rCorr    .         Harm     .   (gloves unavailable)
MR       .....                  (boots unavailable)
Stlth    ++++......             (no amulet)
HPRegen  0.08/turn              (no ring)
MPRegen  0.12/turn              (no ring)

@: very slightly contaminated, very quick
A: very small, unfitting armour, see invisible, herbivore, speed 3, slow
metabolism 2
a: no special abilities


You were on level 3 of the Dungeon.
You were not hungry.

You visited 1 branch of the dungeon, and saw 3 of its levels.

You collected 74 gold pieces.

Inventory:

Hand Weapons
 a - a +1 dagger (weapon)
 d - a +0 hunting sling
Missiles
 e - 13 sling bullets
 i - 58 stones (quivered)
Armour
 b - a +0 robe (worn)
Jewellery
 h - an uncursed ring of flight {unknown}
Scrolls
 f - a scroll of teleportation
 j - 2 scrolls of enchant armour {unknown}
 l - a scroll of amnesia {unknown}
Potions
 g - a potion of invisibility {unknown}
 k - 2 potions of curing {unknown}
Comestibles
 c - 4 rations


   Skills:
 + Level 4.5 Short Blades
 - Level 3.0 Dodging
 + Level 7.8 Stealth
 - Level 2.6 Spellcasting
 - Level 3.6 Hexes


You had 3 spell levels left.
You knew the following spells:

 Your Spells              Type           Power        Failure   Level  Hunger
a - Ensorcelled Hibernat  Hex/Ice        #.....       12%         2    ##.....
b - Confuse               Hex            ###.....     12%         3    ###....
C - Corona                Hex            ###....      3%          1    #......

Your spell library contained the following spells:

 Spells                   Type           Power        Failure   Level  Hunger
 Tukima's Dance           Hex            ###.....     12%         3    ###....
 Dazzling Spray           Conj/Hex       #.....       24%         3    ###....


Dungeon Overview and Level Annotations

Branches:
Dungeon (3/15)

Altars:

Annotations:
D:3 Natasha


Innate Abilities, Weirdness & Mutations

You are very small and have problems with some larger weapons.
You are too small for most types of armour.
You have supernaturally acute eyesight. (SInv)
You are a herbivore.
You cover ground extremely quickly.
You need to consume almost no food.


Message History

You kill the goblin!
You barely miss Natasha. Natasha claws you.
You hit Natasha but do no damage. Natasha claws you!
Casting: Ensorcelled Hibernation (safe; 12% risk of failure)
Confirm with . or Enter, or press ? or * to list all spells.
Aiming: Ensorcelled Hibernation (safe; 12% risk of failure)
Press: ? - help, Shift-Dir - straight line, f - Natasha
Aim: Natasha (chance to defeat MR: 39%)
You miscast Ensorcelled Hibernation.
You are very lightly contaminated with residual magic.
Your hands glow momentarily.
Natasha claws you!
* * * LOW HITPOINT WARNING * * *
You are too injured to fight recklessly!
Casting: Ensorcelled Hibernation (safe; 12% risk of failure)
Confirm with . or Enter, or press ? or * to list all spells.
Aiming: Ensorcelled Hibernation (safe; 12% risk of failure)
Press: ? - help, Shift-Dir - straight line, f/p - Natasha
Aim: Natasha (chance to defeat MR: 39%) Natasha resists with some effort.
Natasha claws you!
You die...

#># #######.##..##########
#####.###..................###
#.....).......................
####.###.###.#####.##..######.###
.....# #># #.# #.##..### #.#
########.###.# #.##....# #.###
#.g..........# #.......# #...#
..######.#########..##...# ###.#
### #.......h@...###.## #.#
############.# #.# #.# #.#
#.#######.# #.# #......##.# ####
#.# ######.##.# .g... #.# #.##.#
##### #.# #..... .. #.# ####<# ##
#.# #.#


You could see Natasha.

Vanquished Creatures
  A phantom (D:2)
  Natasha (twice) (D:3)
  Terence (D:2)
  2 adders (D:2)
  5 leopard geckos
  3 ball pythons
  6 bats
  5 giant cockroaches
  5 goblins
  6 hobgoblins
  2 jackals (D:1)
  6 frilled lizards
  A kobold (D:2)
  9 rats
54 creatures vanquished.

Notes
Turn   | Place    | Note
-------+----------+-------------------------------------------
     0 | D:1      | MirrMurr the Spriggan Enchanter began the quest for the
                  | Orb.
     0 | D:1      | Reached XP level 1. HP: 9/9 MP: 5/5
    92 | D:1      | Reached XP level 2. HP: 13/13 MP: 6/6
   107 | D:1      | Reached skill level 5 in Stealth
  1027 | D:2      | Reached XP level 3. HP: 12/16 MP: 8/8
  1410 | D:2      | Noticed Terence
  1455 | D:2      | Learned a level 2 spell: Ensorcelled Hibernation
  1469 | D:2      | Killed Terence
  1469 | D:2      | Reached skill level 6 in Stealth
  1474 | D:2      | Learned a level 3 spell: Confuse
  1613 | D:2      | Noticed a phantom
  1745 | D:2      | Killed a phantom
  1745 | D:2      | Reached skill level 7 in Stealth
  1745 | D:2      | Reached XP level 4. HP: 10/21 MP: 6/9
  1745 | D:2      | Reached XP level 5. HP: 11/24 MP: 6/10
  2632 | D:3      | Noticed Natasha
  2639 | D:3      | Killed Natasha
  2691 | D:3      | Noticed Natasha
  2701 | D:3      | Killed Natasha
  2833 | D:3      | Noticed Natasha
  2881 | D:3      | Slain by Natasha

Vault maps used:
D:1:      psy_arrival_radial02
D:2:      uniq_terence
D:3:      uniq_natasha, uniq_grinder

Skill      XL: |  1  2  3  4  5 |
---------------+----------------+-----
Stealth        | 5 7 |  7.8
Short Blades   | 2 3 4 |  4.5
Dodging        | |  3.0
Spellcasting   | |  2.6
Hexes          | |  3.6

Action                   |  1- 3 |  4- 6 || total
-------------------------+-------+-------++-------
Melee: Dagger            |   154 |    68 ||   222
Throw: Stone             |     1 |       ||     1
 Cast: Confuse           |     3 |       ||     3
       Ensorcelled Hiber |     2 |     6 ||     8
       Corona            |     1 |       ||     1
  Use: Scroll            |       |     1 ||     1
 Stab: Sleeping          |    13 |    11 ||    24
       Confused          |     3 |       ||     3
  Eat: Ration            |       |     1 ||     1
Armor: Robe              |    15 |     2 ||    17
Dodge: Dodged            |   114 |    44 ||   158

Table legend:
 A = Non-vault XP
 B = Vault XP
 C = Vault XP percentage of total XP
 D = Non-vault monster count
 E = Vault monster count
 F = Vault count percentage of total count
                 A         B        C        D         E       F
            +---------+---------+-------+---------+---------+-------
      Total |     267 |      72 |  21.2 |      52 |       2 |   3.7
            +---------+---------+-------+---------+---------+-------
        D:1 |      35 |       0 |   0.0 |      21 |       0 |   0.0
        D:2 |     181 |      36 |  16.6 |      20 |       1 |   4.8
        D:3 |      51 |      36 |  41.4 |      11 |       1 |   8.3
            +---------+---------+-------+---------+---------+-------
